 Dungeon Crawl Stone Soup version 0.29-a0-643-ga013cef (webtiles) character file.

Game seed: 16888373276376961486

42 Dawnplanks the Chopper (level 3, 0/33 HPs)
             Began as a Hill Orc Berserker on June 19, 2022.
             Was a Follower of Trog.
             Succumbed to an adder's poison
             ... on level 2 of the Dungeon.
             The game lasted 00:01:53 (1635 turns).

Dawnplanks the Chopper (Hill Orc Berserker)         Turns: 1635, Time: 00:01:53

Health: 0/33       AC:  2    Str: 21    XL:     3   Next: 54%
Magic:  3/3        EV: 12    Int:  7    God:    Trog [*.....]
Gold:   44         SH:  0    Dex: 10    Spells: 2/2 levels left

rFire   . . .      SeeInvis .   a - +0 hand axe
rCold   . . .      Faith    .   (no shield)
rNeg    + . .      Spirit   .   b - +0 animal skin
rPois   .          Reflect  .   (no helmet)
rElec   .          Harm     .   (no cloak)
rCorr   .          Rampage  .   (no gloves)
Will    .....                   (no boots)
Stlth   +.........              (no amulet)
HPRegen 0.11/turn               i - ring of positive energy
MPRegen 0.08/turn               (no ring)

@: lethally poisoned (0 -> -4)
A: no striking features
a: Renounce Religion, Berserk


You were on level 2 of the Dungeon.
You worshipped Trog.
Trog was aware of your devotion.
You visited 1 branch of the dungeon, and saw 2 of its levels.

You collected 44 gold pieces.

Inventory:

Hand Weapons
 a - a +0 hand axe (weapon)
Missiles
 d - 7 stones (quivered)
Armour
 b - a +0 animal skin (worn)
Jewellery
 i - a ring of positive energy (left hand)
Scrolls
 c - a scroll of teleportation {unknown}
 f - a scroll of identify {unknown}
 h - a scroll of fear {unknown}
Potions
 e - 2 potions of curing {unknown}
 g - a potion of degeneration {unknown}


   Skills:
 + Level 4.0 Fighting
 * Level 5.2 Axes
 + Level 2.5 Armour
 + Level 1.7 Dodging


You had 2 spell levels left.
You didn't know any spells.
Your spell library contained the following spells:

 Spells                   Type           Power      Damage    Failure   Level
 Ozocubu's Armour         Ice            0%         N/A       80%         3
 Metabolic Englaciation   Hex/Ice        0%         N/A       100%        5
 Simulacrum               Ice/Necr       0%         N/A       100%        6


Dungeon Overview and Level Annotations

Branches:
Dungeon (2/15)

Altars:


Message History

Unknown command.
The adder barely misses you. The adder bites you.
You hit the adder.
The adder is moderately wounded.
The adder barely misses you.
You hit the adder.
The adder is moderately wounded.
The adder closely misses you.
You hit the adder.
The adder is severely wounded.
The adder barely misses you. The adder bites you.
You hit the adder.
The adder is almost dead.
The adder barely misses you.
You barely miss the adder.
The adder is almost dead.
The adder bites you.
You are poisoned.
The adder poisons you!
You barely miss the adder.
The adder is almost dead.
You feel sick. The adder bites you.
You are more poisoned.
The adder poisons you! The adder bites you.
You slash the adder!
You kill the adder!
Trog accepts your kill.
You hit the worm.
You feel sick. The worm bites you.
You are too injured to fight recklessly!
You are too injured to fight recklessly!
You hit the worm.
The worm is moderately wounded.
You feel sick.
You hit the worm but do no damage.
The worm is moderately wounded.
You feel sick. The worm bites you!
* * * LOW HITPOINT WARNING * * *
You hit the worm.
The worm is heavily wounded.
You die...

# ## !#
....## #
.♣... . #.
... ...
#.♣#♣.♣.....
#...@w......
###.#....>..
#.#.......
#.#.......
#.####.###
#.# .# #.# #
###.# #...#


You could see a worm.

Vanquished Creatures
  An adder (D:2)
  A dart slug (D:1)
  7 endoplasms (D:1)
  3 goblins (D:1)
  3 kobolds (D:1)
  2 quokkas (D:1)
  4 ball pythons (D:1)
  3 bats (D:1)
  2 frilled lizards (D:1)
  3 rats
29 creatures vanquished.

Notes
Turn   | Place    | Note
-------+----------+-------------------------------------------
     0 | D:1      | Dawnplanks the Hill Orc Berserker began the quest for the
                  | Orb.
     0 | D:1      | Reached XP level 1. HP: 19/19 MP: 1/1
   312 | D:1      | Reached XP level 2. HP: 27/27 MP: 2/2
   850 | D:1      | Reached XP level 3. HP: 28/33 MP: 3/3
  1268 | D:1      | Reached skill level 5 in Axes
  1344 | D:1      | Found Wyosuunuce's Book Shoppe.
  1634 | D:2      | HP: 1/33 [worm (10)]
  1635 | D:2      | Succumbed to an adder's poison

Illustrated notes

Levels and vault maps discovered:
D:1:      dpeg_arrival_simpleton_c, layout_basic, serial_shops, shop
D:2:      layout_loops_ring, serial_shops, shop_coins, serial_forest,
          infiniplex_forest_split, infiniplex_forest_lined_1,
          infiniplex_forest_join, infiniplex_forest_lined_ring,
          infiniplex_forest_lined_room_3, infiniplex_forest_lined_2,
          infiniplex_forest_clump_cross, infiniplex_forest_lined_4_way,
          mrwooster_statue_mirror, nicolae_figureground_sparkle

Skill      XL: |  1  2  3 |
---------------+----------+-----
Fighting       | 4 |  4.0
Axes           | 5 |  5.2
Armour         | |  2.5
Dodging        | |  1.7

Action                   || total
-------------------------++-------
Melee: Hand axe          ||    83
 Stab: Sleeping          ||     3
Armor: Animal skin       ||    12
Dodge: Dodged            ||    57

Table legend: (Time is in decaauts)
 A = Elapsed time spent in this place.
 B = Non-inter-level travel time spent in this place.
 C = Inter-level travel time spent in this place.
 D = Time resting spent in this place.
 E = Time spent auto-exploring this place.
 F = Levels seen in this place.
 G = Mean time per level.
                   A        B        C        D        E       F      G
               +--------+--------+--------+--------+--------+-----+--------+
         Total |   1638 |   1546 |     92 |      0 |   1340 |   2 |  819.0 |
       Dungeon |   1638 |   1546 |     92 |      0 |   1340 |   2 |  819.0 |
               +--------+--------+--------+--------+--------+-----+--------+

Top non-repeatable levels by time:
     D:1: 1585 daAuts
     D:2: 53 daAuts
